 Dungeon Crawl Stone Soup version 0.28-a0-1395-g4f6bc678fa (webtiles) character file.

Game seed: 1223719388689519739

22 zap2161 the Vexing (level 3, 0/20 HPs)
             Began as a Kobold Arcane Marksman on Jan 4, 2022.
             Slain by a kobold (4 damage)
             ... on level 2 of the Dungeon.
             The game lasted 00:10:35 (396 turns).

zap2161 the Vexing (Kobold Arcane Marksman)          Turns: 396, Time: 00:10:35

Health: 0/20       AC:  5    Str:  7    XL:     3   Next: 7%
Magic:  4/4        EV: 12    Int: 14    God:
Gold:   3          SH:  0    Dex: 17    Spells: 3/4 levels left

rFire   . . .      SeeInvis .   a - +0 hand crossbow
rCold   . . .      Faith    .   (no shield)
rNeg    . . .      Spirit   .   h - +0 ring mail
rPois   .          Reflect  .   (no helmet)
rElec   .          Harm     .   (no cloak)
rCorr   .          Rampage  .   (no gloves)
Will    .....                   (no boots)
Stlth   ++........              (no amulet)
HPRegen 0.06/turn               (no ring)
MPRegen 0.09/turn               (no ring)

@: no status effects
A: small, no large weapons, nightstalker 3
a: no special abilities


You were on level 2 of the Dungeon.
You visited 1 branch of the dungeon, and saw 2 of its levels.

You collected 3 gold pieces.

Inventory:

Hand Weapons
 a - a +0 hand crossbow (weapon)
 e - a +0 short sword
Missiles
 c - 14 bolts (quivered ammo)
 i - 14 poisoned darts
Armour
 d - a +0 robe
 h - a +0 ring mail (worn)
Scrolls
 b - 2 scrolls of fog {unknown}
 f - a scroll of immolation {unknown}
 g - 2 scrolls of vulnerability {unknown}


   Skills:
 + Level 1.3 Fighting
 + Level 0.5 Short Blades
 + Level 3.2 Crossbows
 + Level 2.8 Dodging
 + Level 1.1 Spellcasting
 + Level 3.2 Hexes


You had 3 spell levels left.
You knew the following spells:

 Your Spells              Type           Power      Damage    Failure   Level
a - Slow                  Hex            36%        N/A       24%         1

Your spell library contained the following spells:

 Spells                   Type           Power      Damage    Failure   Level
 Inner Flame              Hex/Fire       5%         N/A       82%         3
 Portal Projectile        Hex/Tloc       10%        N/A       82%         3
 Cause Fear               Hex            4%         N/A       94%         4


Dungeon Overview and Level Annotations

Branches:
Dungeon (1/15)

Altars:

Annotations:
D:2 Natasha


Innate Abilities, Weirdness & Mutations

You are small and have problems with some larger weapons.
You are completely attuned to the shadows.


Message History

c - 17 bolts (gained 1)
You see here a frilled lizard skeleton.
You see here a +0 club.
A kobold comes into view. It is wielding a +0 short sword.
A kobold comes into view.
It is wielding a +1 short sword of venom.
Found a scroll labelled OMIQAC OHOKLE.
Fire: 17 bolts
Press: ? - help, Q - select action, (/) - cycle Shift-Dir - straight line, f - kobold
Aim: a kobold, wielding a +0 short sword (asleep, 98% to hit)
You shoot a bolt. The bolt hits the kobold.
You kill the kobold!
Fire: 16 bolts
Press: ? - help, Q - select action, (/) - cycle Shift-Dir - straight line, f - kobold
Aim: a kobold, wielding a +1 short sword of venom (58% to hit)
You shoot a bolt. The bolt closely misses the kobold.
Fire: 15 bolts
Press: ? - help, Q - select action, (/) - cycle Shift-Dir - straight line, f/p - kobold
Aim: a kobold, wielding a +1 short sword of venom (58% to hit)
You shoot a bolt. The bolt hits the kobold!
You kill the kobold!
A sourceless malevolence fills the Dungeon...
You fall into a shaft and drop 1 floor!
The shaft crumbles and collapses.
A kobold and Natasha come into view.
Natasha hisses angrily.
The kobold shouts!
Found 13 gold pieces.
Casting: Slow (safe; 24% risk of failure)
Confirm with . or Enter, or press ? or * to list all spells.
You don't know that spell.
Natasha claws you but does no damage. Natasha claws you!
You see here 13 gold pieces.
The kobold hits you but does no damage.
The kobold throws a stone.
The stone misses you. Natasha casts a spell at you. The magic dart hits you.
* * * LOW HITPOINT WARNING * * *
Natasha casts a spell.
The kobold hits you with a +0 club.
You die...

#####
##...##..
##...@....
#..hK5....
#.........
#..$......
##........
##...#...
##### .# .


You could see Natasha, a crimson imp (summoned) and a kobold.

Vanquished Creatures
  A ball python (D:1)
  4 bats (D:1)
  3 endoplasms (D:1)
  A giant cockroach (D:1)
  4 kobolds (D:1)
  2 quokkas (D:1)
  2 frilled lizards (D:1)
  2 goblins (D:1)
  2 rats (D:1)
21 creatures vanquished.

Vanquished Creatures (others)
  4 toadstools (D:1)
4 creatures vanquished.

Grand Total: 25 creatures vanquished

Notes
Turn   | Place    | Note
-------+----------+-------------------------------------------
     0 | D:1      | zap2161 the Kobold Arcane Marksman began the quest for the
                  | Orb.
     0 | D:1      | Reached XP level 1. HP: 12/12 MP: 2/2
   126 | D:1      | Reached XP level 2. HP: 12/16 MP: 3/3
   342 | D:1      | Reached XP level 3. HP: 14/20 MP: 4/4
   386 | D:1      | You fall into a shaft and drop 1 floor!
   386 | D:2      | Noticed Natasha
   396 | D:2      | Slain by a kobold

Illustrated notes

Levels and vault maps discovered:
D:1:      ldierk_walled_garden_2, layout_rooms, ebering_ecumenical_altar_hall,
          minmay_domino_4
D:2:      layout_rooms, basic_altar, uniq_terence, uniq_natasha

Skill      XL: |  1  2 |
---------------+-------+-----
Crossbows      | 3 |  3.2
Fighting       | |  1.3
Short Blades   | |  0.5
Dodging        | |  2.8
Spellcasting   | |  1.1
Hexes          | |  3.2

Action                   || total
-------------------------++-------
Melee: Hand crossbow     ||    19
       Short sword       ||    18
 Fire: Hand crossbow     ||    33
Armor: Robe              ||    15
       Ring mail         ||     2
Dodge: Dodged            ||    58

Table legend: (Time is in decaauts)
 A = Elapsed time spent in this place.
 B = Non-inter-level travel time spent in this place.
 C = Inter-level travel time spent in this place.
 D = Time resting spent in this place.
 E = Time spent auto-exploring this place.
 F = Levels seen in this place.
 G = Mean time per level.
                   A        B        C        D        E       F      G
               +--------+--------+--------+--------+--------+-----+--------+
         Total |    416 |    416 |      0 |      0 |      0 |   2 |  208.0 |
       Dungeon |    416 |    416 |      0 |      0 |      0 |   2 |  208.0 |
               +--------+--------+--------+--------+--------+-----+--------+

Top non-repeatable levels by time:
     D:1: 406 daAuts
     D:2: 9 daAuts
